 Dungeon Crawl Stone Soup version 0.30-a0-883-g5ad918d77d (webtiles) character file.

Game seed: 9754643904312894984

440 Lobster4 the Twirler (level 7, 0/51 HPs)
             Began as a Human Wanderer on Mar 17, 2023.
             Slain by Prince Ribbit (10 damage)
             ... on level 5 of the Dungeon.
             The game lasted 00:14:04 (3821 turns).

Lobster4 the Twirler (Human Wanderer)               Turns: 3821, Time: 00:14:04

Health: 0/51       AC: 11    Str: 15    XL:     7   Next: 22%
Magic:  7/7        EV: 11    Int:  9    God:
Gold:   211        SH:  0    Dex: 21    Spells: 6/6 levels left

rFire   + + .      SeeInvis .    a - +0 quarterstaff (venom)
rCold   . . .      Faith    .    (shield currently unavailable)
rNeg    . . .      Spirit   .    g - +2 scale mail {rF+}
rPois   .          Reflect  .    d - +0 helmet
rElec   .          Rampage  .    (no cloak)
rCorr   .                        v - +0 pair of gloves
Will    .....                    (no boots)
Stlth   +                        (no amulet)
HPRegen 0.28/turn                I - +6 ring of dexterity
MPRegen 0.10/turn                y - ring of protection from fire

@: no status effects
A: no striking features
a: no special abilities


You were on level 5 of the Dungeon.
You visited 1 branch of the dungeon, and saw 5 of its levels.

You collected 211 gold pieces.

Inventory:

Hand Weapons
 a - a +0 quarterstaff of venom (weapon)
 b - a +1 sling of freezing
 p - a +0 mace
 s - a +0 war axe
 B - a +2 trident of holy wrath
 C - a +0 arbalest
Missiles
 l - 5 boomerangs (quivered)
 x - 9 poisoned darts
 E - 3 datura-tipped darts
Armour
 d - a +0 helmet (worn)
 f - a +0 leather armour
 g - a +2 scale mail of fire resistance (worn)
 r - a +0 ring mail
 v - a +0 pair of gloves (worn)
Jewellery
 n - a ring of wizardry
 w - a ring of resist corrosion
 y - a ring of protection from fire (right hand)
 I - a +6 ring of dexterity (left hand)
Wands
 G - a wand of mindburst (11)
Scrolls
 e - 2 scrolls of teleportation
 h - 2 scrolls of blinking
 o - a scroll of noise {unknown}
 q - a scroll of amnesia {unknown}
 u - a scroll of immolation {unknown}
 z - a scroll of silence {unknown}
 A - a scroll of fear
 D - a scroll of enchant armour {unknown}
 F - a scroll of enchant weapon {unknown}
Potions
 c - a potion of might
 k - 2 potions of attraction {unknown}
 m - 2 potions of flight {unknown}
 t - a potion of heal wounds


   Skills:
 + Level 2.7 Fighting
 + Level 3.5 Staves
 + Level 1.6 Ranged Weapons
 + Level 2.1 Throwing
 + Level 3.4 Armour
 + Level 3.5 Dodging
 - Level 2.0 Stealth
 - Level 3.0 Unarmed Combat


You had 6 spell levels left.
You didn't know any spells.
Your spell library contained the following spells:

 Spells                   Type           Power      Damage    Failure   Level
 Magic Dart               Conj           0%         1d3       83%         1
 Necrotise                Necr           0%         1d4       83%         1
 Slow                     Hex            0%         N/A       83%         1
 Searing Ray              Conj           0%         2d4       92%         2
 Confusing Touch          Hex            0%         N/A       99%         3
 Vampiric Draining        Necr           0%         2d6       99%         3
 Fulminant Prism          Conj/Hex       0%         3d5       100%        4
 Agony                    Necr           0%         N/A       100%        5
 Alistair's Intoxication  Tmut/Pois      0%         N/A       100%        5
 Borgnjor's Vile Clutch   Necr/Erth      0%         N/A       100%        5
 Eringya's Noxious Bog    Tmut/Pois      0%         N/A       100%        6


Dungeon Overview and Level Annotations

Branches:
Dungeon (5/15)
 Temple: D:4-7

Altars:
Elyvilon
Uskayaw
The Shining One

Annotations:
D:2 Sigmund
D:5 Prince Ribbit


Message History

Press: ? - help, Shift-Dir - straight line, p - orc wizard You can't see that place.
Okay, then.
Aiming: Mindburst
Press: ? - help, Shift-Dir - straight line, f/p - orc wizard
Aim: an orc wizard, wielding a +0 dagger and wearing a +0 robe (chance to affect: 64%)
The orc wizard struggles to resist.
Aiming: Mindburst
Press: ? - help, Shift-Dir - straight line, f/p - orc wizard
Aim: an orc wizard, wielding a +0 dagger and wearing a +0 robe (chance to affect: 64%)
The orc wizard's mind is blasted!!
You blow up the orc wizard!
Prince Ribbit blinks!
An orc comes into view. It is wielding a +0 dagger.
Prince Ribbit lets out a mournful croak.
You hear the slow rusting of a distant drain.
You hit the orc.
The orc is heavily wounded.
The orc hits you but does no damage.
You hit the orc.
You kill the orc!
Prince Ribbit closely misses you.
Prince Ribbit sighs, "It's not easy being green!"
Prince Ribbit closely misses you.
You closely miss Prince Ribbit.
Prince Ribbit is severely wounded.
Prince Ribbit croaks regally.
Prince Ribbit hits you.
You closely miss Prince Ribbit.
Prince Ribbit is severely wounded.
Prince Ribbit closely misses you. Prince Ribbit hits you.
You sock Prince Ribbit!
Prince Ribbit is poisoned.
Prince Ribbit is almost dead.
Prince Ribbit hits you!
* * * LOW HITPOINT WARNING * * *
You closely miss Prince Ribbit.
Prince Ribbit is almost dead.
Prince Ribbit hits you but does no damage.
Prince Ribbit hits you!
You die...

*..# *,,,,,,,, ####..#
***,,,,,,,, #...[.#
**,,,,,,,,,, #######.##..#
*,,*,**,,,,, #..........#*
*,**,*,,,*** #.$........#
**,,,,,,*** #......<..[#
*,,,,,***
#..........########.#..**
#...........)F@))......,*
#.........#######..>##.,*******
########..# *,,.##*,,,,,,,,*
****#.##* ***,,*#**,******,,
*,,,...,***,,,,*,,,,* **,
*,,....,**,,,,,,,,,,** *,
*,....,,*,,,,,,,,,,,,* **
*....,,,*,,,,,,,,,,,,*
*,,,,,,,,,,,,,,,,,,,>*


You could see Prince Ribbit (very poisoned).

Vanquished Creatures
  4 hounds
  2 iguanas (D:4)
  Ijyb (D:4)
  An orc wizard (D:5)
  Robin (D:3)
  10 adders
  2 worms
  3 dart slugs
  7 orcs
  7 endoplasms
  6 giant cockroaches
  17 goblins
  13 hobgoblins
  A jackal (D:1)
  4 kobolds
  2 quokkas (D:1)
  6 ball pythons
  5 bats
  3 frilled lizards
  3 rats
98 creatures vanquished.

Notes
Turn   | Place    | Note
-------+----------+-------------------------------------------
     0 | D:1      | Lobster4 the Human Wanderer began the quest for the Orb.
     0 | D:1      | Lobster4 set off with the following items: a +0
                  | quarterstaff, a scroll of fear, a potion of might, a +0
                  | helmet, a scroll of vulnerability, a +0 leather armour.
     0 | D:1      | Reached XP level 1. HP: 13/13 MP: 1/1
    50 | D:1      | Reached XP level 2. HP: 20/20 MP: 2/2
   204 | D:1      | You fall into a shaft and drop 1 floor!
   225 | D:2      | Reached XP level 3. HP: 8/25 MP: 3/3
   384 | D:1      | Reached skill level 1 in Fighting
  1012 | D:2      | Noticed Sigmund
  1041 | D:2      | Reached XP level 4. HP: 28/32 MP: 4/4
  1276 | D:2      | Found a faded altar of an unknown god.
  1927 | D:3      | Reached XP level 5. HP: 37/37 MP: 5/5
  2085 | D:3      | Noticed Robin
  2119 | D:3      | Killed Robin
  2216 | D:3      | Found a hide-covered altar of Uskayaw.
  2219 | D:3      | Found a white marble altar of Elyvilon.
  2223 | D:3      | Found a glowing golden altar of the Shining One.
  2297 | D:3      | Reached skill level 1 in Throwing
  2903 | D:4      | Reached XP level 6. HP: 37/44 MP: 6/6
  3112 | D:4      | Noticed Ijyb
  3199 | D:4      | Killed Ijyb
  3200 | D:4      | Reached skill level 1 in Ranged Weapons
  3718 | D:5      | Entered Level 5 of the Dungeon
  3778 | D:5      | Noticed Prince Ribbit
  3783 | D:5      | Reached XP level 7. HP: 47/51 MP: 7/7
  3821 | D:5      | Slain by Prince Ribbit

Illustrated notes

Levels and vault maps discovered:
D:1:      nzn_arrival_crosshair, layout_loops_ring, minmay_tromino_v4_a
D:2:      layout_basic, ebering_ecumenical_altar_abandoned,
          nicolae_concentric_dashed_squares_wild, uniq_sigmund
D:3:      layout_basic, grunt_temple_overflow_diamond, serial_bayou_pond_d,
          serial_park_tiny_1, uniq_robin
D:4:      layout_basic, minmay_fountain_box, uniq_ijyb
D:5:      layout_rooms, portal_sewer_entry_f, uniq_crazy_yiuf_cottage,
          uniq_prince_ribbit1

Skill      XL: |  1  2  3  4  5  6  7 |
---------------+----------------------+-----
Fighting       | 1 2 |  2.7
Stealth        | 2 |  2.0
Throwing       | 1 2 |  2.1
Staves         | 3 |  3.5
Dodging        | 3 |  3.5
Armour         | 3 |  3.4
Ranged Weapons | 1 |  1.6
Unarmed Combat | |  3.0

Action                     |  1- 3 |  4- 6 |  7- 9 || total
---------------------------+-------+-------+-------++-------
  Melee: Quarterstaff      |    79 |   184 |    26 ||   289
   Fire: Sling             |       |    53 |     3 ||    56
  Throw: Boomerang         |       |    11 |       ||    11
         Dart              |       |     5 |       ||     5
  Evoke: Wand              |       |       |     3 ||     3
    Use: Scroll            |       |     9 |       ||     9
         Potion            |       |     2 |       ||     2
   Stab: Sleeping          |     1 |     2 |       ||     3
 Armour: Leather armour    |    23 |       |       ||    23
         Ring mail         |    12 |    47 |       ||    59
         Scale mail        |       |    52 |     9 ||    61
  Dodge: Dodged            |    47 |   113 |    12 ||   172

Table legend: (Time is in decaauts)
 A = Elapsed time spent in this place.
 B = Non-inter-level travel time spent in this place.
 C = Inter-level travel time spent in this place.
 D = Time resting spent in this place.
 E = Time spent auto-exploring this place.
 F = Levels seen in this place.
 G = Mean time per level.
                   A        B        C        D        E       F      G
               +--------+--------+--------+--------+--------+-----+--------+
         Total |   3893 |   3743 |    150 |    388 |   2309 |   5 |  778.6 |
       Dungeon |   3893 |   3743 |    150 |    388 |   2309 |   5 |  778.6 |
               +--------+--------+--------+--------+--------+-----+--------+

Top non-repeatable levels by time:
     D:2: 1073 daAuts
     D:4: 1037 daAuts
     D:1: 863 daAuts
     D:3: 812 daAuts
     D:5: 107 daAuts
